 Dungeon Crawl Stone Soup version 0.29.0-11-gd7f09526c8 (webtiles) character file.

Game seed: 8138437137172775007

124 sanka the Trooper (level 4, -2/40 HPs)
             Began as a Demigod Arcane Marksman on Sept 5, 2022.
             Slain by a gnoll
             ... wielding a +0 flail
              (10 damage)
             ... on level 3 of the Dungeon.
             The game lasted 00:04:53 (3659 turns).

sanka the Trooper (Demigod Arcane Marksman)         Turns: 3659, Time: 00:04:54

Health: -2/40      AC:  4    Str: 11    XL:     4   Next: 52%
Magic:  6/8        EV: 12    Int: 19    God:
Gold:   189        SH:  0    Dex: 14    Spells: 4/5 levels left

rFire   . . .      SeeInvis .   b - +2 dagger (elec)
rCold   . . .      Faith    .   (no shield)
rNeg    . . .      Spirit   .   c - +0 robe
rPois   .          Reflect  .   y - +0 helmet
rElec   .          Harm     .   (no cloak)
rCorr   .          Rampage  .   (no gloves)
Will    .....                   w - +0 pair of boots
Stlth   +.........              k - amulet of the acrobat
HPRegen 0.13/turn               (no ring)
MPRegen 0.11/turn               (no ring)

@: no status effects
A: high MP 1, forlorn, divine attributes
a: no special abilities


You were on level 3 of the Dungeon.
You visited 1 branch of the dungeon, and saw 4 of its levels.

You collected 189 gold pieces.


Innate Abilities, Weirdness & Mutations

You have an increased reservoir of magic. (+10% MP)
You shall have no god before yourself.
Your divine heritage dramatically boosts your attributes as you level up.


   Skills:
 + Level 4.2 Fighting
 - Level 2.0 Ranged Weapons
 - Level 1.7 Dodging
 - Level 1.0 Spellcasting
 - Level 2.6 Hexes


You had 4 spell levels left.
You knew the following spells:

 Your Spells              Type           Power      Damage    Failure   Level
z - Slow                  Hex            44%        N/A       6%          1

Your spell library contained the following spells:

 Spells                   Type           Power      Damage    Failure   Level
 Summon Small Mammal      Summ           0%         N/A       19%         1
 Inner Flame              Hex/Fire       6%         N/A       32%         3
 Portal Projectile        Hex/Tloc       12%        N/A       32%         3
 Summon Guardian Golem    Hex/Summ       6%         N/A       32%         3
 Call Canine Familiar     Summ           0%         N/A       50%         3
 Cause Fear               Hex            5%         N/A       52%         4

Inventory:

Hand Weapons
 a - a +1 sling
 b - a +2 dagger of electrocution (weapon)
 x - a +0 dagger of venom
Armour
 c - a +0 robe (worn)
 w - a +0 pair of boots (worn)
 y - a +0 helmet (worn)
Jewellery
 k - an amulet of the acrobat (around neck)
 r - an amulet of guardian spirit
Wands
 s - a wand of polymorph (5)
Scrolls
 d - 3 scrolls of identify {unknown}
 g - 2 scrolls of teleportation {unknown}
 h - a scroll of vulnerability {unknown}
 m - 2 scrolls of poison {!r}
 n - a scroll of blinking {unknown}
 p - a scroll of magic mapping {unknown}
 q - a scroll of torment {unknown}
 v - 2 scrolls of noise {unknown}
Potions
 e - 3 potions of attraction {unknown}
 f - a potion of degeneration {unknown}
 i - 3 potions of mutation {unknown}
 j - a potion of curing {unknown}
 l - 2 potions of resistance {unknown}
 o - 3 potions of haste {@q3}
 t - a potion of ambrosia {unknown}
 u - a potion of might

Dungeon Overview and Level Annotations

Branches:
Dungeon (4/15)
 Temple: D:4-7

Annotations:
D:4 Pikel

....▒ ▒.▒.▒<...▒▒.▒▒▒▒ ...▒▒
▒▒▒▒▒ ▒.▒............. ...▒
▒▒...▒▒ ▒.▒▒▒.......▒▒▒.
..▒▒▒▒▒▒▒▒..<..▒▒▒......▒▒▒▒▒▒ ▒▒
.................▒▒▒▒▒.▒▒ ▒
.▒▒▒▒▒▒▒.▒...[.▒.▒ ▒.▒ .▒
▒.▒▒...▒▒.▒ ▒.▒ '▒▒ ▒.....▒▒▒÷▒
▒.▒ ▒ ..▒▒ ▒..▒▒▒▒ ▒p▒ ▒.▒▒▒▒▒▒
▒▒ ...▒▒ ▒..▒▒▒▒▒▒g▒ ▒.)....▒ ▒▒.
....▒▒ ▒.........▒ ▒▒▒.▒▒.▒▒▒..
.....▒▒▒▒...▒▒▒▒▒▒▒▒▒▒▒...▒.▒▒...
.....'[...(..................'...
.....▒▒▒▒...▒▒▒▒▒▒▒▒▒▒▒...▒.▒▒...
>...▒▒ ▒......▒ ▒▒.▒▒.▒▒▒.. ...▒▒
▒▒.▒▒▒▒.▒ ▒▒▒▒.▒ ▒▒. ..▒▒
▒▒...▒▒▒.▒ ▒▒▒.▒ ▒▒


You could see a gnoll (slow).


Message History

Unknown command.
You hit the hobgoblin.
The hobgoblin is heavily wounded.
The hobgoblin hits you.
* * * LOW HITPOINT WARNING * * *
The gnoll closely misses you.
You hit the hobgoblin.
You kill the hobgoblin!
The gnoll hits you with a +0 flail!
* * * LOW HITPOINT WARNING * * *
Unknown command.
You see here a potion of might.
Unknown command.
The gnoll attacks as you move away! The gnoll misses you.
The gnoll attacks as you move away! The gnoll barely misses you.
There is a stone staircase leading up here.
You climb upwards.
There is a stone staircase leading down, spattered with blood here.
Unknown command.
Aiming: Slow (safe; 6% risk of failure)
Aim: a gnoll, wielding a +0 flail (chance to affect: 58%)
The gnoll resists with significant effort.
The gnoll barely misses you.
Aiming: Slow (safe; 6% risk of failure)
Aim: a gnoll, wielding a +0 flail (chance to affect: 58%)
The gnoll seems to slow down.
The gnoll hits you with a +0 flail!
You die...

Action                   |  1- 3 |  4- 6 || total
-------------------------+-------+-------++-------
Melee: Dagger            |    35 |    65 ||   100
       Unarmed           |    23 |       ||    23
       Punch             |     3 |       ||     3
 Fire: Sling             |   108 |    19 ||   127
 Cast: Slow              |     2 |     3 ||     5
Armor: Robe              |    10 |    12 ||    22
       Skin              |    13 |       ||    13
Dodge: Dodged            |    62 |    58 ||   120

Levels and vault maps discovered:
D:1:      dpeg_arrival_connections, layout_rooms
D:2:      layout_loops_ring, basic_altar,
          shapermc_ecumenical_altar_mp_ritualfount
D:3:      layout_loops_corners, uniq_ijyb
D:4:      layout_loops_ring, st_stairs_12, roderic_lattice_a, uniq_pikel,
          uniq_robin

Notes
Turn   | Place    | Note
-------+----------+-------------------------------------------
     0 | D:1      | sanka the Demigod Arcane Marksman began the quest for the
                  | Orb.
     0 | D:1      | Reached XP level 1. HP: 15/15 MP: 4/4
   123 | D:1      | Reached skill level 2 in Ranged Weapons
   161 | D:1      | Reached skill level 1 in Fighting
   528 | D:2      | Reached XP level 2. HP: 19/24 MP: 5/5
   612 | D:2      | Reached skill level 2 in Fighting
  1240 | D:1      | Reached XP level 3. HP: 30/30 MP: 6/6
  1361 | D:1      | Reached skill level 3 in Fighting
  1870 | D:3      | Noticed Ijyb
  1907 | D:3      | Killed Ijyb
  1908 | D:3      | Reached XP level 4. HP: 11/39 MP: 6/8
  2850 | D:4      | Noticed Pikel
  2850 | D:4      | Noticed a lemure
  2850 | D:4      | Noticed a lemure
  2850 | D:4      | Noticed a lemure
  2850 | D:4      | Noticed a lemure
  2894 | D:3      | Killed a lemure
  3009 | D:4      | Killed a lemure
  3227 | D:4      | Noticed Robin
  3573 | D:4      | Killed Robin
  3574 | D:4      | Reached skill level 4 in Fighting
  3659 | D:3      | Slain by a gnoll

Vanquished Creatures
  2 lemures
  Ijyb (D:3)
  Robin (D:4)
  A gnoll (D:4)
  2 worms
  2 dart slugs
  An orc (D:3)
  2 bats
  4 endoplasms
  2 giant cockroaches
  13 goblins
  9 hobgoblins
  2 kobolds (D:1)
  5 quokkas
  8 ball pythons
  4 frilled lizards
  5 rats
64 creatures vanquished.

Vanquished Creatures (others)
  2 fungi (D:2)
  4 plants (D:2)
6 creatures vanquished.

Grand Total: 70 creatures vanquished
